 Dungeon Crawl Stone Soup version 0.21.1-1-g345015fe64 (webtiles) character file.

123 FreshCat the Sneak (level 5, 0/34 HPs)
             Began as an Octopode Assassin on Apr 1, 2018.
             Was an Initiate of Qazlal.
             Slain by a gnoll
             ... wielding a +0 halberd
              (7 damage)
             ... on level 2 of the Dungeon.
             The game lasted 00:12:09 (1503 turns).

FreshCat the Sneak (Octopode Assassin)              Turns: 1503, Time: 00:12:10

Health: 0/34       AC:  1    Str: 10    XL:     5   Next: 7%
Magic:  5/5        EV: 13    Int: 14    God:    Qazlal [......]
Gold:   81         SH:  0    Dex: 14    Spells: 4/4 levels left

rFire    . . .     SeeInvis .   a - +2 dagger
rCold    . . .     Gourm    .   (no shield)
rNeg     . . .     Faith    .   (helmet restricted)
rPois    .         Spirit   .   (no amulet)
rElec    .         Reflect  .   (no ring)
rCorr    .         Harm     .   (no ring)
MR       .....                  (no ring)
Stlth    +++++.....             (no ring)
HPRegen  0.11/turn              (no ring)
MPRegen  0.09/turn              (no ring)
                                (no ring)
                                (no ring)

@: no status effects
A: almost no armour, stealthy swim, amphibious, 8 rings, constrict 8, camouflage
1, gelatinous body 1
a: Renounce Religion


You were on level 2 of the Dungeon.
You worshipped Qazlal.
Qazlal was noncommittal.
You were not hungry.

You visited 1 branch of the dungeon, and saw 3 of its levels.

You collected 81 gold pieces.

Inventory:

Hand Weapons
 a - a +2 dagger (weapon)
 b - a +0 blowgun
Missiles
 c - 3 poisoned needles
 d - 2 curare-tipped needles
 e - 19 stones (quivered)
 l - 9 bolts
Scrolls
 h - 2 scrolls of identify {unknown}
 i - a scroll of amnesia {unknown}
 j - a scroll of teleportation {unknown}
Potions
 g - a potion of heal wounds {unknown}
 m - a potion of invisibility {unknown}
Comestibles
 f - 5 rations
 k - a chunk of flesh


   Skills:
 + Level 2.1 Fighting
 + Level 2.6 Short Blades
 + Level 2.3 Throwing
 * Level 1.6 Dodging
 + Level 7.6 Stealth


You had 4 spell levels left.
You didn't know any spells.

Dungeon Overview and Level Annotations

Branches:
Dungeon (3/15)

Altars:
Qazlal


Innate Abilities, Weirdness & Mutations

You cannot wear most types of armour.
You are very stealthy in the water. (Stealth+)
You are amphibious.
You can wear up to eight rings at the same time.
You can use your tentacles to constrict eight enemies at once.
Your skin changes colour to match your surroundings (Stealth+).
Your rubbery body absorbs attacks. (AC +1, EV +1)


Message History

Your squeeze misses the gnoll. The gnoll hits you.
The gnoll closely misses you.
You barely miss the gnoll. You grab the gnoll. You squeeze the gnoll.
The gnoll is moderately wounded.
You constrict the gnoll. The gnoll hits you. The gnoll misses you.
You hit the gnoll but do no damage. You squeeze the gnoll.
The gnoll is heavily wounded.
You constrict the gnoll. The gnoll closely misses you.
You hit the gnoll.
The gnoll is almost dead.
You constrict the gnoll. The gnoll closely misses you. The gnoll misses you.
You hit the gnoll.
You kill the gnoll!
Qazlal accepts your kill.
You have reached level 5!
You feel clever.
The gnoll hits you from afar with a halberd!
* * * LOW HITPOINT WARNING * * *
The gnoll hits you with a halberd!
You die...

# ......# #.##......###
#..<..(.....#
#.....(.....#
#...........#
##...........# ########
...........(.# #.......
#............####.......
..!..(g@()%.............
.#.#(.(.######...#.......
##### #...#.......
.....#.......
.......##......
................
.....#####....†. .....
#...... #......


You could see a gnoll.

Vanquished Creatures
  7 gnolls
  A worm (D:2)
  A dart slug (D:1)
  2 leopard geckos (D:2)
  5 bats
  4 giant cockroaches (D:1)
  5 goblins
  11 hobgoblins
  3 kobolds
  10 rats
49 creatures vanquished.

Vanquished Creatures (others)
  A bat (D:1)
1 creature vanquished.

Grand Total: 50 creatures vanquished

Notes
Turn   | Place    | Note
-------+----------+-------------------------------------------
     0 | D:1      | FreshCat the Octopode Assassin began the quest for the Orb.
     0 | D:1      | Reached XP level 1. HP: 14/14 MP: 1/1
    71 | D:1      | Reached XP level 2. HP: 19/19 MP: 2/2
   147 | D:1      | Reached skill level 6 in Stealth
   272 | D:1      | Reached XP level 3. HP: 24/24 MP: 3/3
   511 | D:2      | Reached skill level 7 in Stealth
   511 | D:2      | Reached XP level 4. HP: 29/29 MP: 4/4
  1221 | D:2      | Found a stormy altar of Qazlal.
  1236 | D:2      | Became a worshipper of Qazlal Stormbringer
  1502 | D:2      | Reached XP level 5. HP: 15/34 MP: 5/5
  1503 | D:2      | Slain by a gnoll

Skill      XL: |  1  2  3 |
---------------+----------+-----
Stealth        | 6 7 |  7.6
Fighting       | |  2.1
Short Blades   | |  2.6
Throwing       | |  2.3
Dodging        | |  1.6

Action                   |  1- 3 |  4- 6 || total
-------------------------+-------+-------++-------
Melee: Dagger            |    27 |    31 ||    58
       Constrict         |     4 |     6 ||    10
       Tentacles         |     2 |     4 ||     6
 Fire: Blowgun           |     3 |     5 ||     8
Throw: Stone             |     6 |    20 ||    26
 Stab: Sleeping          |    16 |    13 ||    29
  Eat: Chunk             |       |     2 ||     2
Armor: Skin              |       |     2 ||     2
Dodge: Dodged            |     5 |    16 ||    21
